 Dungeon Crawl Stone Soup version 0.29.1-2-gbd0b4ee654 (webtiles) character file.

Game seed: 2810246632829241077

5 zeram the Caller (level 1, 0/9 HPs)
             Began as a Spriggan Summoner on Nov 18, 2022.
             Slain by a quokka (4 damage)
             ... on level 1 of the Dungeon.
             The game lasted 00:00:56 (287 turns).

zeram the Caller (Spriggan Summoner)                 Turns: 287, Time: 00:00:57

Health: 0/9        AC:  2    Str:  4    XL:     1   Next: 66%
Magic:  1/5        EV: 17    Int: 16    God:
Gold:   31         SH:  0    Dex: 15    Spells: 4/5 levels left

rFire   . . .      SeeInvis +   (weapon restricted)
rCold   . . .      Faith    .   (no shield)
rNeg    . . .      Spirit   .   a - +0 robe
rPois   .          Reflect  .   (helmet restricted)
rElec   .          Harm     .   (no cloak)
rCorr   .          Rampage  .   (gloves unavailable)
Will    .....                   (boots unavailable)
Stlth   ++........              (no amulet)
HPRegen 0.03/turn               (no ring)
MPRegen 0.09/turn               (no ring)

@: very quick
A: very small, no large weapons, unfitting armour, see invisible, speed 3
a: no special abilities


You were on level 1 of the Dungeon.
You visited 1 branch of the dungeon, and saw 1 of its levels.

You collected 31 gold pieces.

Inventory:

Armour
 a - a +0 robe (worn)
Potions
 b - a potion of magic


   Skills:
 + Level 2.7 Dodging
 - Level 3.0 Stealth
 + Level 2.8 Spellcasting
 + Level 3.4 Summonings


You had 4 spell levels left.
You knew the following spells:

 Your Spells              Type           Power      Damage    Failure   Level
a - Summon Small Mammal   Summ           52%        N/A       4%          1

Your spell library contained the following spells:

 Spells                   Type           Power      Damage    Failure   Level
 Call Imp                 Summ           13%        N/A       7%          2
 Call Canine Familiar     Summ           13%        N/A       14%         3
 Summon Guardian Golem    Hex/Summ       7%         N/A       28%         3
 Summon Lightning Spire   Summ/Air       7%         N/A       67%         4


Dungeon Overview and Level Annotations

Branches:
Dungeon (1/15)

Altars:


Innate Abilities, Weirdness & Mutations

You are very small and have problems with some larger weapons.
You are too small for most types of armour.
You have supernaturally acute eyesight. (SInv)
You cover ground extremely quickly. (Speed+++)


Message History

The frilled lizard closely misses your bat.
Your bat misses the frilled lizard.
Your quokka closely misses the kobold.
The frilled lizard closely misses your bat.
The kobold hits your quokka with a +0 short sword.
Your bat hits the quokka but does no damage.
Your bat completely misses the frilled lizard.
Your quokka closely misses the kobold.
The quokka bites your bat but does no damage.
The frilled lizard bites your bat. The kobold barely misses your quokka.
Your quokka bites the kobold.
The kobold dies!
Your bat closely misses the frilled lizard.
What are your orders? t - Shout!
Orders for allies: a - Attack new target. r - Retreat! s - Stop attacking. g - Guard the area. f - Follow me.
Anything else - Cancel.
Gang up on whom?
Press: ? - help, Dir - move target, f - quokka
Aim: a quokka Attack!
Your bat closely misses the quokka.
Your bat closely misses the frilled lizard.
The quokka barely misses your bat.
The frilled lizard closely misses your bat.
The frilled lizard closely misses your quokka.
Your quokka barely misses the quokka.
Your bat hits the quokka.
Your quokka barely misses the frilled lizard.
You barely miss the quokka.
The quokka is moderately wounded.
The quokka barely misses you.
Your quokka closely misses the frilled lizard.
The quokka misses you.
Unknown command.
You hit the quokka.
The quokka is heavily wounded.
Your bat hits the frilled lizard. Your quokka misses the frilled lizard.
The quokka bites you.
You die...

..... ....#.######..#
....###....?... ...#
#..#..!##.... ...#
#..........# #..#
#.##....)b##..# #..#
.........r.##..# #..#
##......ll.....# #.>#
#.##.###r####.# #..## ..
#.# #@# #.# #...## # #.#
#.####.#####....# #.#
#............#.## ##
########.###.####.#######.#
##≈##≈##.........####.# #.#
#≈♣≈≈P≈##.####........# #.#
≈♣8♣P8P≈#.# #.######## #.#
#≈♣..P.##.# #.# #.#
.~~<......# #.#
############.#


You could see a quokka (ally target), 2 frilled lizards, a friendly quokka
(summoned) and a friendly bat (summoned).

Vanquished Creatures (collateral kills)
  A dart slug (D:1)
  2 kobolds (D:1)
  A ball python (D:1)
4 creatures vanquished.

Vanquished Creatures (others)
  4 toadstools (D:1)
4 creatures vanquished.

Grand Total: 8 creatures vanquished

Notes
Turn   | Place    | Note
-------+----------+-------------------------------------------
     0 | D:1      | zeram the Spriggan Summoner began the quest for the Orb.
     0 | D:1      | Reached XP level 1. HP: 9/9 MP: 5/5
   287 | D:1      | Slain by a quokka

Illustrated notes

Levels and vault maps discovered:
D:1:      ldierk_walled_garden_2, layout_loops_ring

Action                   || total
-------------------------++-------
Melee: Unarmed           ||     8
 Cast: Summon Small Mamm ||    10
 Stab: Sleeping          ||     1
Dodge: Dodged            ||    12
